 Dungeon Crawl Stone Soup version 0.31.0 (webtiles) character file.

Game seed: 1295492456585789464

78 qw the Shooter (level 4, -1/28 HPs)
             Began as a Gargoyle Hunter on Jan 19, 2024.
             Slain by a black bear (3 damage)
             ... on level 4 of the Dungeon.
             The game lasted 00:00:08 (2110 turns).

qw the Shooter (Gargoyle Hunter)                    Turns: 2110, Time: 00:00:08

Health: -1/28      AC: 12    Str: 15    XL:     4   Next: 36%
Magic:  4/4        EV: 11    Int:  9    God:
Gold:   119        SH:  0    Dex: 15    Spells: 3/3 levels left

rFire   . . .        a - +0 shortbow
rCold   . . .        (shield currently unavailable)
rNeg    + . .        e - +0 ring mail
rPois   inf          (no helmet)
rElec   +            (no cloak)
rCorr   .            (no gloves)
SInv    .            (no boots)
Will    .....        (no amulet)
Stlth   +            f - +4 ring of protection
HPRegen 0.24/turn    (no ring)
MPRegen 0.09/turn

%: no passive effects
@: no status effects
A: sickness immunity, AC +3, negative energy resistance 1, electricity
resistance, torment resistance 1, petrification resistance, evolution 1
a: no special abilities


You were on level 4 of the Dungeon.
You visited 1 branch of the dungeon, and saw 4 of its levels.

You collected 119 gold pieces.


Innate Abilities, Weirdness & Mutations

You are immune to sickness and miasma.
Your stone body is resilient. (AC +3)
You are immune to poison.
You resist negative energy. (rN+)
You are resistant to electric shocks. (rElec)
You are resistant to unholy torment.
You are immune to petrification.
You have hidden genetic potential.


   Skills:
 - Level 3.0 Fighting
 + Level 5.2 Ranged Weapons
 - Level 1.0 Armour
 - Level 1.5 Dodging
 - Level 1.1 Stealth


You had 3 spell levels left.
You didn't know any spells.
Your spell library was empty.

Inventory:

Hand Weapons
 a - a +0 shortbow (weapon)
Armour
 e - a +0 ring mail (worn)
Jewellery
 f - a +4 ring of protection (left hand)
Wands
 l - a wand of polymorph (8)
Scrolls
 k - a scroll of teleportation
Potions
 c - a potion of heal wounds
 d - a potion of lignification {unknown}
 g - a potion of mutation
 h - a potion of enlightenment {unknown}
 i - a potion of curing {unknown}
 m - a potion of attraction {unknown}

Dungeon Overview and Level Annotations

Branches:
Dungeon (4/15)
 Temple: D:4-7

Altars:
Makhleb

Annotations:
D:4 Edmund


Message History

The black bear closely misses you.
You shoot an arrow. The arrow hits the black bear.
The black bear is lightly wounded.
The black bear bites you. The black bear barely misses you.
The black bear claws you. The black bear bites you.
The black bear barely misses you. The black bear closely misses you.
You shoot an arrow.
The arrow closely misses the black bear.
The arrow hits the adder.
The adder is moderately wounded.
The black bear barely misses you.
The black bear claws you but does no damage. x2
You shoot an arrow.
The arrow hits the black bear but does no damage.
The black bear is lightly wounded.
The black bear barely misses you.
The black bear claws you but does no damage. x2
You shoot an arrow. The arrow hits the black bear!
The black bear is heavily wounded.
The black bear bites you but does no damage.
The black bear closely misses you. x2; The black bear barely misses you. x2
The black bear claws you.
A hobgoblin opens the door.
You shoot an arrow. The arrow hits the black bear.
The black bear is heavily wounded.
The black bear bites you.
The black bear claws you but does no damage.
The black bear misses you.
You shoot an arrow. The arrow barely misses the black bear.
The arrow hits the adder.
The adder is heavily wounded.
The black bear bites you. The black bear barely misses you.
The black bear claws you but does no damage.
You shoot an arrow. The arrow hits the black bear.
The black bear is almost dead.
The black bear goes berserk!
You shoot an arrow. The arrow hits the black bear.
The black bear is almost dead.
The black bear bites you. The black bear claws you. x2
The black bear bites you. The black bear claws you.
You die...

#.#.####.####.#
#.#...........#
####.######.######
#...........#
.###...#########
.>......[.......####
...................
.###......#..###.#
#.........@hSg#
#..####.####@....#
#.. .(.. .....#
#..#.[.... ..)$.# #.
#....... .....#
....._... .....#
.#.... .......
g...@..


You could see Edmund, a black bear (berserk), an adder and a hobgoblin.

Vanquished Creatures
  2 adders
  2 dart slugs (D:1)
  A ribbon worm (D:2)
  A ball python (D:1)
  4 endoplasms
  2 giant cockroaches
  7 goblins
  A hobgoblin (D:2)
  7 jackals
  4 quokkas
  6 bats
  8 frilled lizards (D:2)
  3 kobolds
  2 rats (D:2)
50 creatures vanquished.

Notes
Turn   | Place    | Note
-------+----------+-------------------------------------------
     0 | D:1      | qw the Gargoyle Hunter began the quest for the Orb.
     0 | D:1      | Reached XP level 1. HP: 12/12 MP: 1/1
     0 | D:1      | 0 ||| qw: Version: 0.3-a-132-g3d54051
     0 | D:1      | 0 ||| qw: Game counter: 330
     0 | D:1      | 0 ||| qw: Melee chars always use a shield: true
     0 | D:1      | 0 ||| qw: God list: Okawaru
     0 | D:1      | 0 ||| qw: Allow faded altars: false
     0 | D:1      | 0 ||| qw: Do Orc after clearing Dungeon:15 true
     0 | D:1      | 0 ||| qw: Do second Lair branch before Depths: true
     0 | D:1      | 0 ||| qw: Lair rune preference: random
     0 | D:1      | 0 ||| qw: Goals: Normal
     0 | D:1      | 0 ||| PLANNING D:1-11
   144 | D:1      | Reached XP level 2. HP: 17/17 MP: 2/2
   413 | D:1      | Reached XP level 3. HP: 21/21 MP: 3/3
   468 | D:1      | Reached skill level 5 in Ranged Weapons
   610 | D:1      | 610 ||| UPGRADING to +0 ring mail.
   620 | D:1      | 620 ||| DROPPING +0 leather armour.
   621 | D:1      | 621 ||| UPGRADING to +4 ring of protection.
   622 | D:1      | 622 ||| DROPPING scroll of butterflies.
   955 | D:2      | Found a faded altar of an unknown god.
   985 | D:2      | Reached skill level 1 in Armour
  1001 | D:2      | 1001 ||| FLEEEEING.
  1155 | D:2      | Reached XP level 4. HP: 27/27 MP: 4/4
  1198 | D:2      | Reached skill level 3 in Fighting
  1504 | D:2      | 1504 ||| READING scroll labelled WOXZU SEYKHETI.
  1504 | D:2      | 1504 ||| IDENTIFYING amethyst potion
  1505 | D:2      | 1505 ||| READING scroll labelled VIFU JUMALICO.
  1506 | D:2      | 1506 ||| FLEEEEING.
  1616 | D:2      | 1616 ||| READING scroll labelled EDIANEXYPN.
  1617 | D:2      | 1617 ||| READING scroll labelled XUTRUO MAQIMECEGOC.
  1618 | D:2      | 1618 ||| DRINKING 2 fizzy orange potions.
  1618 | D:2      | Gained mutation: You have hidden genetic potential. [potion
                  | of mutation]
  1801 | D:3      | 1801 ||| FLEEEEING.
  2039 | D:3      | 2039 ||| DROPPING ring of flight.
  2040 | D:3      | 2040 ||| READING scroll of identify.
  2040 | D:3      | 2040 ||| IDENTIFYING emerald potion
  2041 | D:3      | 2041 ||| READING 2 scrolls labelled MOMEEC CIEHOT.
  2044 | D:3      | 2044 ||| READING 3 scrolls labelled ZEUFEHISUL.
  2045 | D:3      | 2045 ||| DROPPING potion of brilliance.
  2046 | D:3      | 2046 ||| DROPPING 2 scrolls of poison.
  2092 | D:4      | Found a burning altar of Makhleb.
  2097 | D:4      | Noticed a black bear
  2100 | D:4      | Noticed Edmund
  2101 | D:4      | 2101 ||| RETREEEEATING.
  2110 | D:4      | HP: 6/28 [black bear (4)]
  2110 | D:4      | HP: 2/28 [black bear (2)]
  2110 | D:4      | Slain by a black bear

Levels and vault maps discovered:
D:1:      minmay_arrival_checkered_box, layout_loops_ring, columned_hall_lemuel
D:2:      layout_basic, ebering_ecumenical_altar_hall, minmay_lizard_pond
D:3:      layout_basic
D:4:      minmay_evil_eye, layout_basic, mainiacjoe_overflow_six_doors_small,
          old_standard_altar, reono_crystal_passage, kennysheep_donut,
          uniq_edmund

Skill      XL: |  1  2  3  4 |
---------------+-------------+-----
Ranged Weapons | 5 |  5.2
Armour         | 1 |  1.0
Fighting       | 3 |  3.0
Dodging        | |  1.5
Stealth        | |  1.1

Action                     |  1- 3 |  4- 6 || total
---------------------------+-------+-------++-------
   Fire: Shortbow          |   110 |    53 ||   163
    Use: Scroll            |       |     7 ||     7
         Potion            |       |     1 ||     1
 Armour: Leather armour    |    15 |       ||    15
         Ring mail         |    30 |    38 ||    68
  Dodge: Dodged            |    52 |    24 ||    76

Table legend:
 A = Non-vault XP
 B = Vault XP
 C = Vault XP percentage of total XP
 D = Non-vault monster count
 E = Vault monster count
 F = Vault count percentage of total count
                 A         B        C        D         E       F
            +---------+---------+-------+---------+---------+-------
      Total |     106 |       6 |   5.4 |      44 |       6 |  12.0
            +---------+---------+-------+---------+---------+-------
        D:1 |      46 |       0 |   0.0 |      24 |       0 |   0.0
        D:2 |      32 |       6 |  15.8 |      11 |       6 |  35.3
        D:3 |      28 |       0 |   0.0 |       9 |       0 |   0.0
            +---------+---------+-------+---------+---------+-------
